Map: Tokamak LE

Players

DnS - Winner!

  • Race: Protoss Protoss
  • Spawn Location: 7:00

OpTiMiStC

  • Race: Protoss Protoss
  • League: Master
  • Spawn Location: 1:00

Event: HomeStory Cup XXVII

VOD

Have the link to the VOD?

Description

Time

  • Played on: June 27, 2025, 8:21 a.m.
  • Length: 5:15

All games in this series

Show
View Real Time Build Order
Export as new Build Order

DnS Protoss - Winner!

Build Orders:  

Get SALT Encoding   

  12  0:00  Probe  
  13  0:12  Probe  
  14  0:17  Pylon  
  14  0:24  Probe  
  15  0:32  Probe  
  15  0:36  Gateway  
  15  0:40  Probe  
  16  0:46  Assimilator  
  17  0:51  Probe  
  17  0:54  Assimilator  
  18  0:59  Probe  
  19  1:07  Gateway  
  19  1:08  Probe  
  20  1:19  Probe  
  20  1:23  Cybernetics Core  
  21  1:31  Probe  
  22  1:35  Pylon  
  22  1:43  Probe  
  23  1:55  Probe  
  23  1:56  Stalker  
  23  1:57  Stalker  
  28  2:02  Warp Gate  
  28  2:15  Pylon  
  28  2:23  Stalker  
  30  2:30  Stalker  
  31  2:54  Nexus  
  31  2:55  Sentry  
  33  3:00  Sentry  
  35  3:07  Shield Battery  
  35  3:09  Probe  
  36  3:15  Shield Battery  
  36  3:26  Probe  
  36  3:28  Twilight Council  
  36  3:34  Probe  
  34  3:42  Probe  
  35  3:53  Probe  
  36  4:02  Stalker  
  38  4:06  Probe x2, Stalker  
  42  4:18  Probe  
  43  4:27  Probe  
  43  4:30  Probe  
  45  4:37  Probe  
  45  4:42  Probe  
  45  4:45  Probe  
  48  4:53  Probe  
  48  4:54  Probe  
  48  4:55  Stalker  
  48  4:56  Stalker  
  54  5:01  Pylon  
  54  5:12  Robotics Facility  
Show
View Real Time Build Order
Export as new Build Order

OpTiMiStC Protoss 

Build Orders: Oracle Opening 

Get SALT Encoding   

  12  0:00  Probe  
  13  0:12  Probe  
  14  0:16  Pylon  
  14  0:23  Probe  
  15  0:31  Probe  
  16  0:37  Gateway  
  16  0:39  Probe  
  16  0:45  Assimilator  
  17  0:51  Probe  
  17  0:54  Assimilator  
  18  0:59  Probe  
  19  1:08  Gateway, Probe  
  20  1:20  Probe  
  20  1:24  Cybernetics Core  
  21  1:32  Pylon  
  21  1:37  Probe  
  22  1:49  Probe  
  23  2:01  Stargate  
  27  2:09  Warp Gate  
  27  2:10  Adept x2  
  27  2:12  Probe  
  28  2:20  Pylon  
  28  2:25  Probe  
  29  2:35  Oracle  
  29  2:37  Probe  
  30  2:49  Probe  
  34  3:02  Nexus  
  34  3:28  Probe  
  34  3:30  Twilight Council  
  34  3:32  Pylon  
  35  3:46  Pylon  
  35  3:57  Stalker  
  35  3:58  Stalker  
  37  4:04  Gateway  
  37  4:12  Probe  
  38  4:19  Dark Shrine, Stalker  
  38  4:20  Stalker  
  38  4:22  Probe  
  43  4:24  Probe  
  42  4:34  Probe  
  42  4:36  Probe  
  44  4:43  Stalker x2  
  48  4:46  Probe  
  48  4:48  Probe  
  46  5:04  Stalker  
Tags
 
League
Master
Matchup
PvP
Replay Pack
hsc27
Spawn Locations
Cross Positions
Add a new tag
Caveats
  • Supply blocks, unpowered buildings, or Contaminate may cause inaccurate times.
  • Supply counts are checked every 10 seconds.